Match 42284557
Unlisted

Match 42284557
End
Scout Squad
Scout Squad
Selects Airborne Battlegroup
Selects Pathfinders
Construct Weapon Support Center
M1919 Machine Gun Team
M1919 Machine Gun Team
M1919 Machine Gun Team
Selects Paratrooper Squad Paradrop
Mechanized Support Center
M3 Armored Personnel Carrier
Engineer Squad
Selects Anti-tank Gun Team Paradrop
Paratrooper Squad Paradrop
Salvage Crew
Selects Smoke Bombing Run
Construct Tank Depot
M4A1 Sherman Medium Tank
Selects Paradrop Reinforcements
Engineer Squad
M4A1 76mm Conversion
Designate Forward Repair Station
Smoke Bombing Run
Paradrop Reinforcements
M4A1(76) Sherman Medium Tank
Kitsuné
Dumais
SKT
就是瞎掰
0
0

Comments sign in to comment!

No comments posted yet!